AoeStats
← MisoConnoisseur

Arena

509867221Analyzed
4v4 RM · 5d ago on Sep 28, 2026· 45m 51s· 8 players
Game mode
Random Map
Map size
Large (8 player)
Population
200
Speed
Normal
Resources
Standard
Victory
Conquest
Starting age
Dark Age
Ending age
Imperial Age
RankedLock teamsTeams togetherTeam positionsShared explorationLock speedFull tech treeHidden civsTurbo modeCheats
Victory
Defeat
🇨🇳 Cumans · China
1157
+14
🇨🇳 Bohemians · China
1152
+15
🇨🇳 Khmer · China
1114
+16
🇮🇳 Poles · India
1095
+17
🇦🇺 Danes · Australia
1178
-18
🇹🇷 Maya · Türkiye
1112
-15
🇦🇺 Saxons · Australia
1105
-15
🇦🇺 Bohemians · Australia
1086
-14
flandle
11:42 Feudal Age
13:39 Double-Bit Axe
13:38 Horse Collar
16:57 Castle Age
17:52 Loom
21:57 Imperial Age
21:53 Chemistry
21:55 Bow Saw
22:11 Heavy Plow
23:06 Padded Archer Armor
28:02 Leather Archer Armor
32:32 Two-Man Saw
32:40 Wheelbarrow
33:11 Ballistics
34:34 Ring Archer Armor
36:52 Siege Engineers
36:26 Houfnice
绫地宁宁
6:19 Loom
8:41 Feudal Age
9:14 Double-Bit Axe
11:34 Wheelbarrow
11:37 Wheelbarrow
10:52 Horse Collar
16:24 Gold Mining
20:27 Castle Age
19:43 Bloodlines
19:41 Scale Barding Armor
21:35 Chain Barding Armor
21:28 Forging
21:34 Bow Saw
24:41 Iron Casting
25:41 Hand Cart
29:38 Heavy Plow
32:14 Imperial Age
33:46 Gold Shaft Mining
33:44 Crop Rotation
32:40 Elite Steppe Lancer
33:59 Coinage
34:27 Stone Mining
35:40 Two-Man Saw
36:15 Plate Barding Armor
36:42 Blast Furnace
38:49 Fletching
38:43 Cavalier
39:58 Conscription
40:38 Bodkin Arrow
41:52 Chemistry
41:03 Steppe Husbandry
40:55 Paladin
44:20 Light Cavalry
45:13 Onager
一个有故事的ID
11:26 Feudal Age
15:15 Castle Age
13:19 Horse Collar
14:06 Double-Bit Axe
17:10 Bow Saw
17:55 Heavy Plow
19:39 Wheelbarrow
20:45 Loom
22:04 Hand Cart
21:48 Stone Mining
27:25 Imperial Age
27:18 Gold Mining
27:36 Scale Barding Armor
27:42 Forging
28:23 Town Watch
29:19 Gold Shaft Mining
28:51 Husbandry
29:02 Bloodlines
28:20 Pikeman
28:44 Light Cavalry
30:07 Conscription
30:16 Chain Barding Armor
30:32 Iron Casting
31:18 Crop Rotation
32:13 Plate Barding Armor
32:38 Blast Furnace
33:45 Hussar
35:30 Stone Shaft Mining
Lifehack
11:44 Feudal Age
16:37 Castle Age
15:24 Double-Bit Axe
15:23 Horse Collar
17:54 Bow Saw
18:13 Light Cavalry
19:04 Bloodlines
24:47 Wheelbarrow
25:21 Loom
26:23 Gold Mining
26:24 Stone Mining
28:19 Stone Shaft Mining
30:14 Hand Cart
32:33 Imperial Age
29:36 Crossbowman
30:09 Fletching
32:05 Bodkin Arrow
32:11 Scale Mail Armor
32:22 Forging
34:19 Chain Mail Armor
34:04 Bracer
33:27 Arbalester
35:10 Chemistry
33:42 Elite Obuch
34:43 Conscription
36:39 Thumb Ring
37:18 Plate Mail Armor
37:24 Iron Casting
36:52 Squires
36:37 Arson
37:34 Town Watch
39:02 Padded Archer Armor
39:47 Ballistics
43:13 Leather Archer Armor
43:59 Blast Furnace
43:50 Lechitic Legacy
44:42 Town Patrol
Subuday Noyan
9:04 Feudal Age
14:31 Castle Age
13:02 Double-Bit Axe
15:37 Bow Saw
20:42 Scale Mail Armor
20:53 Forging
21:33 Bow Saw
21:45 Horse Collar
22:02 Stone Mining
22:41 Heavy Plow
23:06 Gold Mining
23:31 Fletching
23:49 Squires
24:17 Eagle Warrior
26:08 Loom
27:07 Chain Mail Armor
27:27 Iron Casting
帝国大仲马
11:01 Feudal Age
15:00 Castle Age
13:10 Double-Bit Axe
13:43 Horse Collar
16:02 Bow Saw
17:11 Loom
21:03 Heavy Plow
23:27 Wheelbarrow
27:50 Imperial Age
27:10 Fortified Wall
29:55 Chemistry
28:58 Pikeman
29:38 Squires
MisoConnoisseur
10:24 Feudal Age
14:30 Castle Age
13:06 Double-Bit Axe
13:27 Horse Collar
14:47 Wheelbarrow
15:24 Bow Saw
15:40 Loom
17:59 Hand Cart
20:12 Heavy Plow
20:57 Stone Mining
23:03 Gold Mining
24:44 Gold Shaft Mining
26:12 Sanctity
25:53 Treadmill Crane
26:19 Fletching
29:56 Imperial Age
28:22 Squires
28:08 Arson
28:13 Gambesons
27:49 Man-at-Arms
28:31 Bodkin Arrow
29:01 Ballistics
28:54 Pikeman
29:37 Scale Mail Armor
29:25 Clerical Recruitment
30:57 Chain Mail Armor
30:54 Forging
31:54 Chemistry
32:27 Two-Man Saw
32:00 Crop Rotation
32:27 Iron Casting
31:51 Halberdier
32:34 Herbal Medicine
33:13 Plate Mail Armor
32:35 Guard Tower
32:59 Masonry
33:26 Conscription
32:46 Shield Wall
34:07 Bracer
34:10 Long Swordsman
36:14 Keep
35:25 Arrowslits
36:13 Architecture
37:56 Two-Handed Swordsman
39:05 Siege Engineers
38:47 Champion
Weak Foe Ahead
10:14 Feudal Age
14:18 Castle Age
14:08 Double-Bit Axe
15:40 Bow Saw
15:19 Horse Collar
15:33 Gold Mining
15:36 Loom
17:14 Scale Mail Armor
20:18 Wheelbarrow
19:38 Arson
20:06 Forging
22:01 Chain Mail Armor
23:33 Iron Casting
28:38 Gold Shaft Mining
28:27 Squires
28:47 Hand Cart
31:28 Imperial Age
29:37 Masonry
30:52 Gambesons
30:47 Hamask
32:24 Onager
Connection lost

Rejoining the realm…

Still unreachable

The connection could not be restored.

Session expired

The server has moved on; the page needs a fresh start.